Map: Catalyst LE

Players

gandul - Winner!

  • Race: Protoss Protoss
  • League: Platinum
  • Spawn Location: 11:00

axu

  • Race: Protoss Protoss
  • League: Platinum
  • Spawn Location: 5:00

VOD

Have the link to the VOD?

Description

Time

  • Played on: May 7, 2018, 9:32 a.m.
  • Length: 7:42
Show
View Real Time Build Order
Export as new Build Order

gandul Protoss - Winner!

Build Orders: Dark Templar Rush 

Get SALT Encoding   

  12  0:01  Probe  
  13  0:13  Probe  
  14  0:21  Pylon  
  14  0:25  Probe  
  15  0:37  Probe  
  15  0:42  Gateway  
  16  0:45  Probe  
  17  0:52  Assimilator  
  17  0:55  Probe  
  17  0:58  Assimilator  
  18  1:05  Probe  
  19  1:13  Probe  
  20  1:22  Probe  
  21  1:37  Cybernetics Core  
  21  1:39  Probe  
  22  1:47  Pylon  
  22  1:51  Probe  
  23  2:00  Warp Gate  
  23  2:01  Gateway  
  23  2:15  Twilight Council  
  23  2:18  Stalker  
  25  2:29  Gateway  
  25  2:39  Pylon  
  25  2:48  Stalker  
  27  3:00  Dark Shrine  
  27  3:09  Gateway  
  23  3:26  Probe  
  21  3:38  Probe  
  22  4:01  Probe  
  23  4:13  Probe, Dark Templar x2  
  23  4:14  Dark Templar  
  30  4:58  Dark Templar  
  30  4:59  Dark Templar  
  30  5:22  Dark Templar  
  30  6:01  Stalker  
  30  6:02  Stalker x2  
  36  6:13  Dark Templar  
  38  6:22  Nexus  
  36  6:56  Stalker  
Show
View Real Time Build Order
Export as new Build Order

axu Protoss 

Build Orders: Oracle Opening 

Get SALT Encoding   

  12  0:00  Probe  
  13  0:18  Pylon  
  13  0:24  Probe  
  14  0:36  Gateway  
  14  0:38  Probe  
  15  0:46  Probe  
  15  0:48  Assimilator  
  15  0:55  Probe  
  17  1:07  Assimilator, Probe  
  18  1:13  Gateway  
  18  1:20  Probe  
  19  1:30  Cybernetics Core  
  19  1:35  Probe  
  20  1:40  Pylon  
  20  1:43  Probe  
  21  2:08  Adept x2  
  25  2:10  Warp Gate  
  25  2:11  Probe  
  26  2:32  Probe  
  26  2:35  Stalker x2  
  31  2:43  Pylon  
  31  2:52  Stargate  
  29  3:31  Stalker  
  29  3:32  Stalker  
  31  3:36  Oracle  
  31  3:40  Shield Battery  
  34  3:51  Probe  
  35  3:58  Nexus  
  35  4:03  Probe  
  35  4:05  Pylon  
  36  4:15  Probe  
  37  4:24  Phoenix  
  37  4:27  Pylon  
  39  4:33  Probe  
  40  4:45  Probe  
  40  5:18  Pylon  
  39  5:32  Robotics Facility  
  39  5:38  Oracle  
  42  6:12  Stalker  
  44  6:24  Probe x2  
  39  7:06  Stalker x2  
  39  7:08  Observer  
  28  7:38  Pylon  
Tags
 
Add a new tag
Caveats
  • Supply blocks, unpowered buildings, or Contaminate may cause inaccurate times.
  • Supply counts are checked every 10 seconds.